 Dungeon Crawl Stone Soup version 0.21-a0-258-g4c0eb85 (webtiles) character file.

17 zero the Skirmisher (level 2, -6/28 HPs)
             Began as a Gargoyle Berserker on Aug 7, 2017.
             Was a Follower of Trog.
             Mangled by Sigmund
             ... wielding a +0 scythe
              (8 damage)
             ... on level 2 of the Dungeon on Sept 6, 2017.
             The game lasted 00:02:36 (1033 turns).

zero the Skirmisher (Gargoyle Berserker)            Turns: 1033, Time: 00:02:36

Health: -6/28      AC:  5    Str: 25    XL:     2   Next: 62%
Magic:  2/2        EV: 12    Int:  7    God:    Trog [*.....]
Gold:   16         SH:  0    Dex:  9    Spells: 1/1 levels left

rFire    + . .     SeeInvis .   a - +0 hand axe
rCold    x . .     Gourm    .   (no shield)
rNeg     + . .     Faith    .   b - +0 animal skin
rPois    ∞         Spirit   .   (no helmet)
rElec    +         Reflect  .   (no cloak)
rCorr    .         Harm     .   (no gloves)
MR       .....                  (no boots)
Stlth    ..........             (no amulet)
HPRegen  0.09/turn              i - ring of fire
MPRegen  0.08/turn              (no ring)

@: berserking, very quick
A: negative energy resistance 1, electricity resistance, unbreathing,
petrification resistance, rot immunity, AC +2
a: Berserk, Burn Spellbooks, Renounce Religion


You were on level 2 of the Dungeon.
You worshipped Trog.
Trog was aware of your devotion.
You were very hungry.

You visited 1 branch of the dungeon, and saw 2 of its levels.

You collected 16 gold pieces.

Inventory:

Hand Weapons
 a - a +0 hand axe (weapon)
Armour
 b - a +0 animal skin (worn)
Jewellery
 i - a ring of fire (left hand)
Scrolls
 e - 2 scrolls of noise {unknown}
 f - a scroll of remove curse {unknown}
 h - a scroll of identify {unknown}
 m - a scroll of blinking {unknown}
Potions
 g - a potion of flight {unknown}
 k - a potion of might {unknown}
 l - a potion of mutation {unknown}
Comestibles
 c - a bread ration
 d - 3 fruits
 j - a meat ration
 n - a chunk of flesh


   Skills:
 - Level 3.4 Fighting
 + Level 3.1 Axes
 - Level 2.5 Armour
 - Level 1.7 Dodging


You had one spell level left.
You didn't know any spells.

Dungeon Overview and Level Annotations

Branches:
Dungeon (2/15)

Altars:

Annotations:
D:2 Sigmund


Innate Abilities, Weirdness & Mutations

You are resistant to torment.
Your stone body is resilient. (AC +2)
You are immune to poison.
You resist negative energy. (rN+)
You are resistant to electric shocks. (rElec)
You can survive without breathing.
You are immune to petrification.
You are immune to rotting.


Message History

You are too injured to fight recklessly!
There are monsters nearby!
You are too injured to fight recklessly!
There are monsters nearby!
You are too injured to fight recklessly!
There are monsters nearby!
You are too injured to fight recklessly!
A red film seems to cover your vision as you go berserk!
You feel yourself moving faster!
You feel mighty!
You are feeling very hungry.
The ogre misses you.
You slash the ogre!
The ogre is heavily wounded.
Sigmund casts a spell.
Sigmund flickers and vanishes!
Deactivating autopickup; reactivate with Ctrl-A.
You barely miss the ogre.
The ogre is heavily wounded.
Something hits you!
You die...

...... ......#
....... .......
..... .{. #. #O##
#..#.@# #..#).##
#......# ##
#.##.#!# .##
#....#.# ..
###...##.#
#....#.##########
#......##.......#
#......##.#######


You could see an ogre.

Vanquished Creatures
  A worm (D:2)
  A bat (D:1)
  A giant cockroach (D:1)
  A goblin (D:2)
  2 hobgoblins
  6 kobolds
12 creatures vanquished.

Notes
Turn   | Place    | Note
-------+----------+-------------------------------------------
     0 | D:1      | zero the Gargoyle Berserker began the quest for the Orb.
     0 | D:1      | Reached XP level 1. HP: 14/14 MP: 1/1
    44 | D:1      | Upgraded the game from 0.21-a0-171-g0f4a3b6 to 0.21-a0-179-gd2bfb5f
    46 | D:1      | Upgraded the game from 0.21-a0-179-gd2bfb5f to 0.21-a0-241-g2cbab09
    66 | D:1      | Upgraded the game from 0.21-a0-241-g2cbab09 to 0.21-a0-258-g4c0eb85
   230 | D:1      | Reached XP level 2. HP: 11/19 MP: 2/2
  1026 | D:2      | Noticed Sigmund
  1026 | D:2      | Noticed an ogre
  1033 | D:2      | Mangled by Sigmund

Vault maps used:
D:1:      dpeg_arrival_arbitrary_a
D:2:      first_bread, makhleb_blood_cavern_becter, uniq_robin, uniq_terence,
          uniq_jessica, uniq_sigmund

Skill      XL: |  1  2 |
---------------+-------+-----
Axes           | 3 |  3.1
Fighting       | |  3.4
Armour         | |  2.5
Dodging        | |  1.7

Action                   || total
-------------------------++-------
Melee: Hand axe          ||    48
Invok: Berserk           ||     3
  Eat: Fruit             ||     1
       Chunk             ||     1
Armor: Animal skin       ||    11
Dodge: Dodged            ||    23

Table legend:
 A = Spawn XP
 B = Non-spawn XP
 C = Spawn XP percentage of total XP
 D = Spawn monster count
 E = Non-spawn monster count
 F = Spawn count percentage of total count
 G = Total turns spent on level
                    A         B        C        D         E        F      G
               +---------+---------+-------+---------+---------+-------+---------
         Total |       0 |      13 |   0.0 |       0 |       5 |   0.0 |   987
               +---------+---------+-------+---------+---------+-------+---------
           D:2 |       0 |      13 |   0.0 |       0 |       5 |   0.0 |   386
               +---------+---------+-------+---------+---------+-------+---------
